[ PARTIDA AOE2 · #495974880 ]
UnrankedShu vs Aztecs
Equipo del jugador · VICT
Equipo rival · DERR
[ ANÁLISIS DE REPETICIÓN · EXTRAÍDO DE LA PARTIDA GRABADA ]
Feudal
10:34
Castillos
15:10
Imperial
—
| APM promedio | 50.0 |
| APM pico | 83 |
| eAPM promedio | 28.3 |
| Aldeanos / militares | 43 / 17 |
Foco
⚔️ 32.9% · 🌾 67.1%
Unknown (1962) ×29 · Battering Ram ×17
Feudal
11:59
Castillos
22:50
Imperial
—
| APM promedio | 49.9 |
| APM pico | 99 |
| eAPM promedio | 25.4 |
| Aldeanos / militares | 44 / 19 |
Foco
⚔️ 43.7% · 🌾 56.3%
Militia ×6 · Archer ×5 · Eagle Scout ×5 · Mangonel ×3
Mapa de la partida
Recursos iniciales + cada clic de construcción. Líneas = muros · curvas = relieve. ◆ oro · ⬟ piedra · ● bayas · ✦ reliquia · ◌ hueco del cierre
Tu base· Abierta — flanco sin cerrar
Base de tomtomdesu· Abierta — hueco de 5t
Terreno inicial suavizado · ◌ = hueco del cierre detectado · pasá el cursor para detalles
Inputs por minuto
— Singapura_Routeline - - tomtomdesu
Build order — Singapura_Routeline
140 acciones detectadas en el replay
| 0:01 | Crear | Villager (Male) |
| 0:01 | Crear | Villager (Male) |
| 0:01 | Crear | Villager (Male) |
| 0:02 | Construir | House |
| 0:04 | Construir | House |
| 0:47 | Crear | Villager (Male) |
| 0:48 | Crear | Villager (Male) |
| 1:29 | Crear | Villager (Male) |
| 1:30 | Crear | Villager (Male) |
| 2:04 | Crear | Villager (Male) |
| 2:04 | Crear | Villager (Male) |
| 2:30 | Crear | Villager (Male) |
| 2:30 | Crear | Villager (Male) |
| 2:50 | Crear | Villager (Male) |
| 3:10 | Crear | Villager (Male) |
| 3:22 | Construir | Lumber Camp |
| 3:38 | Crear | Villager (Male) |
| 3:47 | Crear | Villager (Male) |
| 3:53 | Construir | House |
| 4:11 | Construir | Palisade Wall |
| 4:39 | Crear | Villager (Male) |
| 4:39 | Crear | Villager (Male) |
| 4:47 | Construir | House |
| 4:57 | Crear | Villager (Male) |
| 5:41 | Construir | Mill |
| 5:48 | Crear | Villager (Male) |
| 5:50 | Crear | Villager (Male) |
| 6:12 | Crear | Villager (Male) |
| 6:26 | Crear | Villager (Male) |
| 6:32 | Construir | Mill |
| 6:57 | Crear | Villager (Male) |
| 6:59 | Investigar | Loom |
| 7:04 | Construir | Palisade Wall |
| 7:10 | Construir | House |
| 8:22 | Investigar | Feudal Age |
| 9:11 | Crear | Villager (Male) |
| 9:11 | Crear | Villager (Male) |
| 9:22 | Crear | Villager (Male) |
| 10:01 | Construir | House |
| 10:08 | Construir | House |
| 10:34 | Edad | Edad Feudal |
| 10:56 | Construir | Market |
| 11:06 | Crear | Villager (Male) |
| 11:56 | Construir | Blacksmith |
| 12:30 | Investigar | Castle Age |
| 12:30 | Investigar | Castle Age |
| 12:41 | Construir | Mining Camp |
| 13:08 | Construir | House |
| 13:15 | Construir | House |
| 13:18 | Construir | Palisade Wall |
| 13:20 | Construir | Palisade Wall |
| 13:36 | Investigar | Gold Mining |
| 13:42 | Construir | Farm |
| 14:07 | Investigar | Double-Bit Axe |
| 14:17 | Crear | Villager (Male) |
| 14:50 | Construir | Palisade Wall |
| 14:58 | Construir | House |
| 15:10 | Edad | Edad de los Castillos |
| 15:21 | Construir | Siege Workshop |
| 15:42 | Crear | Unit 1962 |
| 15:43 | Crear | Unit 1962 |
| 15:43 | Crear | Unit 1962 |
| 15:48 | Crear | Villager (Male) |
| 15:48 | Crear | Villager (Male) |
| 15:49 | Crear | Villager (Male) |
| 16:13 | Crear | Unit 1962 |
| 16:24 | Crear | Villager (Male) |
| 16:24 | Crear | Villager (Male) |
| 16:32 | Construir | Mining Camp |
| 17:03 | Crear | Villager (Male) |
| 17:13 | Crear | Unit 1962 |
| 17:13 | Crear | Unit 1962 |
| 17:41 | Crear | Battering Ram |
| 17:52 | Crear | Villager (Male) |
| 17:54 | Construir | Farm |
| 17:59 | Construir | Farm |
| 18:04 | Construir | Farm |
| 18:09 | Crear | Battering Ram |
| 18:21 | Construir | Farm |
| 18:30 | Construir | House |
| 18:31 | Construir | House |
| 18:33 | Construir | House |
| 18:39 | Construir | Palisade Wall |
| 18:55 | Crear | Unit 1962 |
| 19:07 | Construir | House |
| 19:11 | Construir | Palisade Wall |
| 19:15 | Construir | Palisade Wall |
| 19:16 | Construir | Palisade Wall |
| 19:25 | Crear | Villager (Male) |
| 19:36 | Crear | Villager (Male) |
| 19:36 | Crear | Villager (Male) |
| 19:58 | Crear | Battering Ram |
| 19:59 | Crear | Battering Ram |
| 20:25 | Crear | Villager (Male) |
| 20:45 | Crear | Battering Ram |
| 21:06 | Crear | Villager (Male) |
| 21:10 | Crear | Unit 1962 |
| 21:21 | Construir | Siege Workshop |
| 21:28 | Crear | Unit 1962 |
| 21:38 | Crear | Villager (Male) |
| 21:38 | Crear | Villager (Male) |
| 21:54 | Crear | Unit 1962 |
| 22:10 | Crear | Battering Ram |
| 22:10 | Crear | Battering Ram |
| 22:10 | Crear | Battering Ram |
| 22:20 | Crear | Villager (Male) |
| 22:34 | Crear | Unit 1962 |
| 22:52 | Crear | Battering Ram |
| 22:52 | Crear | Battering Ram |
| 22:53 | Crear | Battering Ram |
| 23:07 | Crear | Unit 1962 |
| 23:43 | Crear | Battering Ram |
| 24:01 | Crear | Unit 1962 |
| 24:01 | Crear | Unit 1962 |
| 24:01 | Crear | Unit 1962 |
| 24:37 | Crear | Unit 1962 |
| 25:04 | Crear | Unit 1962 |
| 25:22 | Crear | Unit 1962 |
| 25:27 | Construir | Lumber Camp |
| 25:34 | Crear | Battering Ram |
| 25:56 | Crear | Unit 1962 |
| 25:57 | Crear | Unit 1962 |
| 25:57 | Crear | Unit 1962 |
| 26:27 | Crear | Battering Ram |
| 26:27 | Crear | Unit 1962 |
| 27:07 | Crear | Unit 1962 |
| 27:08 | Crear | Unit 1962 |
| 27:48 | Crear | Unit 1962 |
| 27:50 | Crear | Unit 1962 |
| 27:56 | Construir | Farm |
| 27:56 | Construir | Farm |
| 28:01 | Construir | Farm |
| 28:02 | Construir | Farm |
| 28:09 | Crear | Battering Ram |
| 28:49 | Crear | Battering Ram |
| 28:50 | Crear | Unit 1962 |
| 29:16 | Crear | Battering Ram |
| 29:16 | Crear | Unit 1962 |
| 29:34 | Construir | Siege Workshop |
| 29:46 | Crear | Unit 1962 |
Build order — tomtomdesu
121 acciones detectadas en el replay
| 0:00 | Crear | Villager (Male) |
| 0:01 | Crear | Villager (Male) |
| 0:01 | Crear | Villager (Male) |
| 0:01 | Crear | Villager (Male) |
| 0:02 | Construir | House |
| 0:04 | Construir | House |
| 1:32 | Crear | Villager (Male) |
| 2:09 | Crear | Villager (Male) |
| 2:24 | Crear | Villager (Male) |
| 2:40 | Crear | Villager (Male) |
| 2:53 | Crear | Villager (Male) |
| 3:06 | Construir | Barracks |
| 3:13 | Construir | House |
| 3:17 | Crear | Villager (Male) |
| 4:02 | Crear | Villager (Male) |
| 4:08 | Crear | Militia |
| 4:38 | Crear | Villager (Male) |
| 4:41 | Crear | Militia |
| 5:00 | Crear | Militia |
| 5:11 | Investigar | Loom |
| 5:18 | Construir | Mill |
| 5:20 | Crear | Villager (Male) |
| 5:51 | Crear | Villager (Male) |
| 6:04 | Construir | House |
| 6:33 | Crear | Villager (Male) |
| 6:40 | Crear | Militia |
| 6:41 | Crear | Militia |
| 6:56 | Crear | Villager (Male) |
| 7:17 | Construir | Lumber Camp |
| 7:18 | Crear | Villager (Male) |
| 7:54 | Construir | House |
| 8:26 | Crear | Villager (Male) |
| 8:40 | Crear | Villager (Male) |
| 8:42 | Construir | House |
| 9:09 | Construir | Mill |
| 9:23 | Crear | Villager (Male) |
| 9:38 | Investigar | Feudal Age |
| 10:02 | Construir | Mining Camp |
| 11:08 | Construir | Farm |
| 11:08 | Construir | Farm |
| 11:15 | Construir | Farm |
| 11:17 | Construir | Farm |
| 11:59 | Edad | Edad Feudal |
| 12:01 | Investigar | Man-at-Arms (upgrade) |
| 12:03 | Crear | Villager (Male) |
| 12:15 | Construir | Archery Range |
| 12:20 | Construir | Archery Range |
| 12:24 | Crear | Villager (Male) |
| 12:35 | Construir | Farm |
| 12:39 | Crear | Villager (Male) |
| 12:58 | Investigar | Arson |
| 13:01 | Crear | Villager (Male) |
| 13:06 | Construir | Blacksmith |
| 13:19 | Crear | Archer |
| 13:23 | Crear | Militia |
| 13:24 | Crear | Villager (Male) |
| 13:46 | Construir | House |
| 13:54 | Construir | House |
| 13:56 | Construir | House |
| 13:59 | Investigar | Wheelbarrow |
| 14:04 | Investigar | Town Watch |
| 14:08 | Construir | Farm |
| 14:14 | Investigar | Double-Bit Axe |
| 14:16 | Crear | Villager (Male) |
| 14:22 | Investigar | Fletching |
| 14:25 | Crear | Archer |
| 14:42 | Crear | Archer |
| 14:43 | Crear | Villager (Male) |
| 14:54 | Crear | Archer |
| 15:06 | Crear | Archer |
| 15:08 | Crear | Villager (Male) |
| 15:16 | Construir | Farm |
| 15:21 | Construir | Farm |
| 15:34 | Crear | Villager (Male) |
| 15:37 | Crear | Eagle Scout |
| 15:53 | Crear | Villager (Male) |
| 16:01 | Construir | Farm |
| 16:03 | Construir | Farm |
| 16:07 | Crear | Villager (Male) |
| 16:15 | Construir | Mining Camp |
| 16:24 | Crear | Eagle Scout |
| 16:41 | Crear | Villager (Male) |
| 17:06 | Crear | Villager (Male) |
| 17:31 | Construir | House |
| 17:36 | Construir | Watch Tower |
| 17:47 | Crear | Eagle Scout |
| 17:49 | Crear | Villager (Male) |
| 17:53 | Construir | Farm |
| 17:59 | Construir | Watch Tower |
| 18:09 | Crear | Villager (Male) |
| 18:14 | Construir | House |
| 18:16 | Construir | House |
| 18:16 | Construir | House |
| 18:27 | Crear | Villager (Male) |
| 18:37 | Construir | Market |
| 18:47 | Crear | Villager (Male) |
| 19:02 | Crear | Villager (Male) |
| 19:37 | Construir | Farm |
| 19:39 | Crear | Eagle Scout |
| 19:40 | Crear | Eagle Scout |
| 19:47 | Construir | Watch Tower |
| 20:00 | Crear | Villager (Male) |
| 20:10 | Investigar | Castle Age |
| 20:51 | Crear | Villager (Male) |
| 21:08 | Construir | Mining Camp |
| 21:33 | Construir | Watch Tower |
| 22:00 | Investigar | Horse Collar |
| 22:50 | Edad | Edad de los Castillos |
| 22:56 | Construir | Siege Workshop |
| 23:05 | Crear | Villager (Male) |
| 23:24 | Construir | Town Center |
| 23:27 | Crear | Mangonel |
| 24:28 | Crear | Villager (Male) |
| 24:28 | Crear | Villager (Male) |
| 25:22 | Construir | Farm |
| 26:48 | Construir | Siege Workshop |
| 26:52 | Construir | Castle |
| 27:28 | Crear | Mangonel |
| 27:42 | Crear | Villager (Male) |
| 28:17 | Construir | Town Center |
| 29:41 | Crear | Mangonel |
Cronología de la partida
| 3:06 | tomtomdesu · first_building Barracks |
| 4:11 | Singapura_Routeline · wall_segment Palisade Wall x1 |
| 7:04 | Singapura_Routeline · wall_segment Palisade Wall x1 |
| 10:34 | Singapura_Routeline · age_up feudal |
| 11:59 | tomtomdesu · age_up feudal |
| 12:15 | Singapura_Routeline · first_market_sell 100 stone |
| 12:15 | tomtomdesu · first_building Archery Range |
| 13:18 | Singapura_Routeline · wall_segment Palisade Wall x1 |
| 13:20 | Singapura_Routeline · wall_segment Palisade Wall x1 |
| 14:04 | Singapura_Routeline · first_market_buy 100 food |
| 14:50 | Singapura_Routeline · wall_segment Palisade Wall x1 |
| 15:10 | Singapura_Routeline · age_up castle |
| 15:21 | Singapura_Routeline · first_building Siege Workshop |
| 18:39 | Singapura_Routeline · wall_segment Palisade Wall x2 |
| 19:11 | Singapura_Routeline · wall_segment Palisade Wall x2 |
| 19:15 | Singapura_Routeline · wall_segment Palisade Wall x1 |
| 19:16 | Singapura_Routeline · wall_segment Palisade Wall x1 |
| 22:50 | tomtomdesu · age_up castle |
| 22:56 | tomtomdesu · first_building Siege Workshop |
| 23:22 | tomtomdesu · first_market_buy 100 wood |
| 23:26 | tomtomdesu · first_market_sell 100 stone |
| 26:52 | tomtomdesu · first_building Castle |
| 29:52 | tomtomdesu · resign |
[ ANÁLISIS IA · 1 CRÉDITO ]
¿Qué pasó realmente en esta partida?
Wolo.gg analiza cada decisión: build order, eco, micro, errores típicos por bracket. Análisis personalizado por WhatsApp o Discord en 30 segundos.
Guía civ
Shu
Perfil
Singapura_Routeline